 Dungeon Crawl Stone Soup version 0.26.1-2-gb8aa6d0cf2 (console) character file.

Game seed: 9957598329550740638

109 om the Ruffian (level 4, -1/40 HPs)
             Began as a Troll Transmuter on Mar 3, 2021.
             Slain by an orc
             ... wielding a +0 spear
              (4 damage)
             ... on level 2 of the Dungeon.
             The game lasted 00:02:17 (1687 turns).

om the Ruffian (Troll Transmuter)                   Turns: 1687, Time: 00:02:18

Health: -1/40      AC:  6    Str: 18    XL:     4   Next: 59%
Magic:  6/6        EV: 10    Int: 10    God:
Gold:   85         SH:  0    Dex: 10    Spells: 6/7 levels left

rFire    . . .     SeeInvis .     - Unarmed
rCold    . . .     Faith    .   (no shield)
rNeg     + . .     Spirit   .   a - +0 robe
rPois    .         Reflect  .   (helmet currently unavailable)
rElec    .         Harm     .   (no cloak)
rCorr    .         Rampage  .   (gloves unavailable)
Will     .....                  (boots unavailable)
Stlth    ..........             j - amulet of inaccuracy (curse)
HPRegen  0.53/turn              c - ring of positive energy
MPRegen  0.10/turn              f - ring of attention (curse)

@: lethally poisoned (-1 -> -2), appendages (expiring)
A: large, unfitting armour, claws 3, horns 2, talons 2, regeneration 1, shaggy
fur 1, tough skin 3
a: End Transformation


You were on level 2 of the Dungeon.
You had grown temporary horns.
You had grown temporary talons.
You visited 1 branch of the dungeon, and saw 2 of its levels.

You collected 85 gold pieces.

Inventory:

Armour
 a - a +0 robe (worn)
Jewellery
 c - a ring of positive energy (left claw)
 d - a +6 ring of intelligence
 f - a cursed ring of attention (right claw)
 j - a cursed amulet of inaccuracy (around neck)
Scrolls
 g - a scroll of noise {unknown}
 i - 3 scrolls of identify
Potions
 b - 2 potions of curing
 e - a potion of heal wounds
 h - a potion of might


   Skills:
 - Level 0.7 Fighting
 - Level 1.5 Dodging
 - Level 3.0 Unarmed Combat
 * Level 2.3 Spellcasting
 * Level 2.7 Transmutations


You had 6 spell levels left.
You knew the following spells:

 Your Spells              Type           Power        Failure   Level
a - Beastly Appendage     Tmut           12%          10%         1

Your spell library contained the following spells:

 Spells                   Type           Power        Failure   Level
 Wereblood                Tmut           6%           14%         2
 Spider Form              Tmut/Pois      1%           45%         3
 Ice Form                 Ice/Tmut       3%           86%         4
 Blade Hands              Tmut           3%           95%         5


Dungeon Overview and Level Annotations

Branches:
Dungeon (2/15)

Altars:
Ashenzari


Innate Abilities, Weirdness & Mutations

You are too large for most types of armour.
You have claws for hands.
Your natural rate of healing is unusually fast.
You are covered in fur. (AC +1)
You have extremely tough skin. (AC +3)
You have a pair of horns on your head.
You have razor-sharp toenails.


Message History

You are poisoned.
The adder poisons you!
You closely miss the adder. Your kick misses the adder.
Your headbutt misses the adder.
You feel sick.
The orc barely misses you. x2; The adder completely misses you.
You scratch the adder. Your kick misses the adder.
The adder is severely wounded.
The adder bites you. The orc closely misses you.
The orc hits you from afar with a +0 spear!
* * * LOW HITPOINT WARNING * * *
You are too injured to fight recklessly!
You barely miss the adder. Your kick misses the adder.
Your headbutt misses the adder.
The adder is severely wounded.
The adder barely misses you.
The orc hits you from afar with a +0 spear.
* * * LOW HITPOINT WARNING * * *
The orc hits you with a +0 hand axe.
* * * LOW HITPOINT WARNING * * *
The adder barely misses you.
The orc hits you from afar with a +0 spear.
You die...

##################
#(................
#.###########...##
#@......),,,#(..#
#(S......,,,#...#
#)oo.....,,,#...##
#>.......,,,'...'.
##...)...,,.#...##
*.......,..#...#
*.........,#...#
*.......,,,*,,,**
*.......,,,*,,,,,
**************,,,
*,,,


You could see an adder and 2 orcs.

Vanquished Creatures
  An orc priest (D:2)
  Natasha (D:2)
  2 adders (D:2)
  A worm (D:2)
  A dart slug (D:1)
  5 goblins
  6 jackals
  3 bats
  5 frilled lizards
  4 kobolds
  7 rats
36 creatures vanquished.

Notes
Turn   | Place    | Note
-------+----------+-------------------------------------------
     0 | D:1      | om the Troll Transmuter began the quest for the Orb.
     0 | D:1      | Reached XP level 1. HP: 18/18 MP: 1/1
   193 | D:1      | Reached XP level 2. HP: 26/26 MP: 1/3
  1225 | D:2      | Found a broken altar of Ashenzari.
  1341 | D:2      | Reached XP level 3. HP: 32/32 MP: 2/4
  1571 | D:2      | Noticed Natasha
  1580 | D:2      | Killed Natasha
  1581 | D:2      | Reached XP level 4. HP: 25/40 MP: 6/6
  1686 | D:2      | HP: 2/40 [orc/+0 hand axe (6)]
  1687 | D:2      | Slain by an orc

Illustrated notes

Levels and vault maps discovered:
D:1:      kilobyte_arrival_exit_the_forest, layout_loops_corners,
          chequers_serial_rivers_micro_a, serial_bayou_ford_a,
          minmay_misc_feat_ornament
D:2:      layout_basic, ashenzari_conservatory_becter, uniq_natasha

Skill      XL: |  1  2  3 |
---------------+----------+-----
Transmutations | 2 |  2.7
Spellcasting   | 2 |  2.3
Fighting       | |  0.7
Dodging        | |  1.5
Unarmed Combat | |  3.0

Action                   |  1- 3 |  4- 6 || total
-------------------------+-------+-------++-------
Melee: Unarmed           |    89 |    18 ||   107
       Headbutt          |     4 |       ||     4
       Kick              |     1 |       ||     1
 Cast: Beastly Appendage |     6 |     1 ||     7
  Use: Scroll            |     5 |       ||     5
Armor: Robe              |    55 |    11 ||    66
Dodge: Dodged            |    50 |    18 ||    68
